 Dungeon Crawl Stone Soup version 0.22.0-6-g71bd7aa (webtiles) character file.

109 davet the Shield-Bearer (level 4, -1/61 HPs)
             Began as a Minotaur Fighter on Aug 15, 2018.
             Succumbed to a gnoll's poison
             ... on level 2 of the Dungeon.
             The game lasted 00:02:40 (1011 turns).

davet the Shield-Bearer (Minotaur Fighter)          Turns: 1011, Time: 00:02:40

Health: -1/61      AC: 22    Str: 26    XL:     4   Next: 60%
Magic:  3/3        EV:  2    Int:  6    God:
Gold:   81         SH: 10    Dex:  9    Spells: 3/3 levels left

rFire    . . .     SeeInvis .   a - +0 flail
rCold    . . .     Gourm    .   c - +0 shield
rNeg     + + +     Faith    .   (armour currently unavailable)
rPois    +         Spirit   .   (helmet currently unavailable)
rElec    .         Reflect  .   (cloak currently unavailable)
rCorr    .         Harm     .   (gloves currently unavailable)
MR       .....     NoTele   +   (boots currently unavailable)
Stlth    +.........             g - amulet of regeneration
HPRegen  0.60/turn              (no ring)
MPRegen  0.08/turn              (no ring)

@: mighty, lethally poisoned (-1 -> -22), tree-form
A: (retaliatory headbutt)
a: no special abilities


You were on level 2 of the Dungeon.
You were hungry.
You were a tree.
You visited 1 branch of the dungeon, and saw 2 of its levels.

You collected 81 gold pieces.

Inventory:

Hand Weapons
 a - a +0 flail (weapon)
Armour
 b - a +0 scale mail (melded)
 c - a +0 shield (worn)
 m - a +1 cloak of magic resistance (melded)
 o - a +0 pair of boots
Jewellery
 g - an amulet of regeneration (around neck)
Scrolls
 e - 3 scrolls of remove curse {unknown}
 i - a scroll of teleportation {unknown}
 j - a scroll of enchant weapon {unknown}
 k - a scroll of fog {unknown}
 l - a scroll of amnesia {unknown}
 n - a scroll of enchant armour {unknown}
Comestibles
 f - 3 rations


   Skills:
 + Level 4.3 Fighting
 * Level 3.7 Maces & Flails
 + Level 4.5 Armour
 + Level 4.5 Shields


You had 3 spell levels left.
You didn't know any spells.
Your spell library was empty.

Dungeon Overview and Level Annotations

Branches:
Dungeon (2/15)

Altars:
Hepliaklqana


Innate Abilities, Weirdness & Mutations

((You reflexively headbutt those who attack you in melee.))
((You have a pair of horns on your head.))


Message History

A gnoll comes into view. It is wielding a spear.
You block the gnoll's attack.
The frilled lizard bites you but does no damage.
The gnoll hits you but does no damage.
You sock the gnoll!
The gnoll is severely wounded.
* * * LOW HITPOINT WARNING * * *
You feel very sick.
The frilled lizard bites you but does no damage.
The gnoll hits you but does no damage.
You barely miss the gnoll.
The gnoll is severely wounded.
* * * LOW HITPOINT WARNING * * *
You feel very sick.
The frilled lizard bites you but does no damage.
The gnoll hits you but does no damage. x2
The frilled lizard bites you but does no damage.
You barely miss the gnoll.
The gnoll is heavily wounded.
You die...

## #. .# ..#. #.# #.#
#.#. ..# #.# ...# #.# #.#
...####.###.###
#...##.#.....####
#................
#....#.....#.##.#
#..♣)...##.#.##.#
......l#g.#.##.#.##.#
...'...#g##..#.#.##.###
........#.###.#........##
....#####.# #......#.#...
.... ..# ##.....#.#...
+## .## #.....#.##.. .g
###..####.##..
....##.......


You could see 2 gnolls and a frilled lizard.

Vanquished Creatures
  2 gnolls (D:2)
  2 adders (D:2)
  2 oozes (D:1)
  2 worms (D:2)
  A dart slug (D:2)
  2 leopard geckos (D:1)
  A ball python (D:1)
  8 bats
  5 goblins (D:1)
  9 hobgoblins
  5 jackals (D:2)
  4 kobolds
  A quokka (D:2)
  A frilled lizard (D:2)
  7 rats
52 creatures vanquished.

Notes
Turn   | Place    | Note
-------+----------+-------------------------------------------
     0 | D:1      | davet the Minotaur Fighter began the quest for the Orb.
     0 | D:1      | Reached XP level 1. HP: 19/19 MP: 0/0
    40 | D:1      | Reached XP level 2. HP: 26/27 MP: 1/1
   124 | D:1      | Reached XP level 3. HP: 21/33 MP: 2/2
   525 | D:1      | Found a hazy altar of Hepliaklqana.
   743 | D:2      | Reached XP level 4. HP: 40/40 MP: 3/3
   966 | D:2      | Found a faded altar of an unknown god.
  1010 | D:2      | HP: 2/61 [poisoned by a gnoll]
  1011 | D:2      | Succumbed to a gnoll's poison

Skill      XL: |  1  2  3 |
---------------+----------+-----
Shields        | 4 |  4.5
Armour         | 4 |  4.5
Fighting       | 4 |  4.3
Maces & Flails | 3 |  3.7

Action                   |  1- 3 |  4- 6 || total
-------------------------+-------+-------++-------
Melee: Flail             |    87 |    35 ||   122
       Headbutt          |    13 |     3 ||    16
  Use: Potion            |       |     2 ||     2
Armor: Scale mail        |    42 |    15 ||    57
       Skin              |       |     9 ||     9
Dodge: Dodged            |    32 |    14 ||    46
Block: Shield            |    46 |    20 ||    66
